 Dungeon Crawl Stone Soup version 0.24-a0-106-gcea5463 (webtiles) character file.

Game seed: 3985561279836084341

5255 galech the Cleaver (level 10, -6/77 HPs)
             Began as a Demonspawn Fighter on Feb 13, 2019.
             Was a Priest of Okawaru.
             Mangled by a queen bee (12 damage)
             ... on level 10 of the Dungeon.
             The game lasted 00:13:19 (9539 turns).

galech the Cleaver (Demonspawn Fighter)             Turns: 9539, Time: 00:13:20

Health: -6/77      AC: 23    Str: 18    XL:     10   Next: 36%
Magic:  17/19      EV: 12    Int:  9    God:    Okawaru [***...]
Gold:   428        SH:  9    Dex: 18    Spells: 9/9 levels left

rFire    + . .     SeeInvis +   r - +2 hand axe (freeze)
rCold    . . .     Gourm    .   j - +2 buckler
rNeg     + . .     Faith    .   u - +7 chain mail of the Lair of Beasts {rCorr MP+9 Dex+3 Slay+2}
rPois    .         Spirit   .   (helmet unavailable)
rElec    .         Reflect  .   (no cloak)
rCorr    +         Harm     .   t - +0 pair of gloves
MR       .....                  (no boots)
Stlth    ..........             (no amulet)
HPRegen  0.22/turn              x - ring of positive energy
MPRegen  0.16/turn              D - ring of protection from fire

@: heroism
A: antennae 3, yellow scales 2, powered by death 1, rot immunity
a: Heroism, Renounce Religion


You were on level 10 of the Dungeon.
You worshipped Okawaru.
Okawaru was most pleased with you.
You were hungry.

You visited 2 branches of the dungeon, and saw 11 of its levels.

You collected 428 gold pieces.

Inventory:

Hand Weapons
 a - a +0 war axe
 r - a +2 hand axe of freezing (weapon)
 L - the +2 rapier "Ahonie" {elec, rElec Str+5 Int-4}
   (You found it on level 9 of the Dungeon)

   Occasionally, upon striking a foe, it will discharge some electrical energy
   and cause terrible harm.
   It affects your strength (+5).
   It affects your intelligence (-4).
   It insulates you from electricity.
Armour
 b - a +0 scale mail
 c - a +0 shield
 j - a +2 buckler (worn)
 t - a +0 pair of gloves (worn)
 u - the +7 chain mail of the Lair of Beasts (worn) {rCorr MP+9 Dex+3 Slay+2}
   (You found it on level 4 of the Dungeon)

   It affects your dexterity (+3).
   It affects your accuracy and damage with ranged weapons and melee attacks
   (+2).
   It affects your magic capacity (+9).
   It provides partial protection from all sources of acid and corrosion.
 z - the +2 leather armour "Zuugrik" {rC+++}
   (You found it on level 4 of the Dungeon)

   It renders you almost immune to cold.
Jewellery
 x - a ring of positive energy (left hand)
 D - a ring of protection from fire (right hand)
 E - an uncursed ring of resist corrosion
 H - an uncursed ring of flight
Wands
 F - a wand of acid (8)
 G - a wand of digging (11)
 I - a wand of paralysis (6)
Scrolls
 g - 2 scrolls of fear
 i - 4 scrolls of identify
 k - 3 scrolls of remove curse
 l - 3 scrolls of fog
 o - a scroll of enchant armour
 p - 5 scrolls of teleportation
 q - 5 scrolls of random uselessness
 v - 2 scrolls of noise
 w - 3 scrolls of immolation
 y - 2 scrolls of enchant weapon {unknown}
 B - 3 scrolls of magic mapping {unknown}
 C - a scroll of brand weapon {unknown}
 J - a scroll of amnesia {unknown}
Potions
 d - 2 potions of might
 e - a potion of heal wounds {unknown}
 h - a potion of flight {unknown}
 m - 3 potions of cancellation {unknown}
 n - 2 potions of curing
 s - 3 potions of agility {unknown}
 A - 2 potions of brilliance {unknown}
 K - a potion of berserk rage {unknown}
 M - a potion of haste {unknown}
Comestibles
 f - 17 rations


   Skills:
 + Level 6.8(11.8) Fighting
 + Level 10.1(15.1) Axes
 + Level 6.3(11.3) Armour
 + Level 2.0(7.0) Dodging
 + Level 0.6(5.6) Stealth
 + Level 6.0(11.0) Shields


You had 9 spell levels left.
You didn't know any spells.
Your spell library was empty.

Dungeon Overview and Level Annotations

Branches:
Dungeon (10/15)            Temple (1/1) D:6
   Lair: D:8-11         Orc: D:9-12

Altars:
Ashenzari
Dithmenos
Elyvilon
Fedhas
Gozag
Hepliaklqana
Kikubaaqudgha
Makhleb
Nemelex Xobeh
Okawaru
Qazlal
Sif Muna
Trog
Uskayaw
Vehumet
Wu Jian
Xom
Yredelemnul
Zin
The Shining One

Shops:
D:4 :   D:9 ?

Annotations:
D:4 1 runed translucent door, confidenceinterval's ghost, novice DsGl


Innate Abilities, Weirdness & Mutations

You have a pair of large antennae on your head. (SInv)
You are mostly covered in yellow scales. (AC +3)
You regenerate a little health from kills.
You are immune to rotting.


Message History

* * * LOW HITPOINT WARNING * * *
You feel sick.
The killer bee rages.
You hit the queen bee but do no damage.
The queen bee is heavily wounded.
* * * LOW HITPOINT WARNING * * *
You feel sick. The queen bee stings you!
* * * LOW HITPOINT WARNING * * *
You hit the queen bee but do no damage.
The queen bee is heavily wounded.
* * * LOW HITPOINT WARNING * * *
You feel sick.
The killer bee rages.
You closely miss the queen bee.
The queen bee is heavily wounded.
* * * LOW HITPOINT WARNING * * *
You feel sick.
The queen bee stings you but does no damage.
You feel better. The queen bee stings you!
You die...

.y{{{#.....(...# y
{#........##
#....y....# ###
##........#
..###........#
..##........#
#.###....##y# #.#
#....##y# ####.#
#....##@# {
+##....###....##.#
..............##.#
..#...........##.#
. +............#.#
#####.....##.#.#
#.....##.#.#
##....##.#.######
#†#+###..........


You could see a queen bee and a killer bee (berserk).

Vanquished Creatures
  A troll (D:7)
  A hippogriff (D:10)
  5 yaks (D:10)
  A hungry ghost (D:9)
  A wyvern (D:10)
  An ice beast (D:8)
  2 orc warriors
  A black bear (D:9)
  A phantom (D:7)
  4 ogres
  3 centaurs
  A crocodile (D:10)
  4 bullfrogs
  Blork the orc (D:4)
  2 scorpions
  20 killer bees (D:10)
  A howler monkey (D:6)
  6 crimson imps
  3 bullfrog zombies
  2 jellies
  6 hounds
  An orc priest (D:5)
  A bullfrog skeleton (D:6)
  2 centaur skeletons
  5 orc wizards
  8 worker ants
  4 iguanas
  A hound skeleton (D:5)
  2 worker ant zombies
  Robin (D:4)
  2 gnolls (D:2)
  A howler monkey skeleton (D:10)
  10 adders
  2 shadow imps
  An ooze (D:1)
  An adder zombie (D:6)
  2 adder skeletons
  3 worms
  2 dart slugs
  7 leopard geckos
  29 orcs
  2 ball pythons
  4 giant cockroaches
  16 goblins
  12 hobgoblins
  14 jackals
  10 kobolds
  11 quokkas
  A bat (D:2)
  4 frilled lizards
  A quokka skeleton (D:5)
  9 rats
  2 toadstools (D:1)
238 creatures vanquished.

Vanquished Creatures (others)
  2 toadstools (D:1)
2 creatures vanquished.

Grand Total: 240 creatures vanquished

Notes
Turn   | Place    | Note
-------+----------+-------------------------------------------
     0 | D:1      | galech the Demonspawn Fighter began the quest for the Orb.
     0 | D:1      | Reached XP level 1. HP: 18/18 MP: 1/1
   136 | D:1      | Gained mutation: You have a pair of small antennae on your
                  | head. [demonic ancestry]
   136 | D:1      | Reached XP level 2. HP: 20/24 MP: 2/2
   226 | D:1      | Reached skill level 2 in Axes
   595 | D:1      | Gained mutation: You regenerate a little health from kills.
                  | [demonic ancestry]
   595 | D:1      | Reached XP level 3. HP: 22/29 MP: 3/3
  1508 | D:2      | Gained mutation: You have a pair of antennae on your head.
                  | [demonic ancestry]
  1508 | D:2      | Reached XP level 4. HP: 30/35 MP: 4/4
  1888 | D:3      | Reached skill level 3 in Axes
  2015 | D:3      | Found a radiant altar of Vehumet.
  2021 | D:3      | Found a shattered altar of Ashenzari.
  2069 | D:3      | Gained mutation: You have a pair of large antennae on your
                  | head. (SInv) [demonic ancestry]
  2069 | D:3      | Reached XP level 5. HP: 41/41 MP: 5/5
  2672 | D:4      | Noticed Blork the orc
  2681 | D:4      | Killed Blork the orc
  2785 | D:4      | Got a warped chain mail
  2796 | D:4      | Identified the +7 chain mail of the Lair of Beasts {rCorr
                  | MP+9 Dex+3 Slay+2} (You found it on level 4 of the Dungeon)
  2883 | D:4      | Found a runed translucent door.
  2883 | D:4      | Noticed confidenceinterval's ghost (novice DsGl)
  2972 | D:4      | Found Zavul's Book Shop.
  2977 | D:4      | Noticed Robin
  2995 | D:4      | Killed Robin
  3101 | D:4      | Reached skill level 4 in Axes
  3101 | D:4      | Gained mutation: You are partially covered in yellow
                  | scales. (AC +2) [demonic ancestry]
  3101 | D:4      | Reached XP level 6. HP: 44/48 MP: 6/6
  3320 | D:4      | Got a scorched leather armour
  3424 | D:4      | Found a hazy altar of Hepliaklqana.
  3426 | D:4      | Found an ancient bone altar of Kikubaaqudgha.
  3485 | D:5      | Entered Level 5 of the Dungeon
  3590 | D:5      | Found a glowing golden altar of the Shining One.
  3708 | D:5      | Reached skill level 1 in Dodging
  3886 | D:5      | Reached XP level 7. HP: 52/54 MP: 7/7
  3992 | D:5      | Reached skill level 5 in Axes
  4236 | D:6      | Found a stormy altar of Qazlal.
  4686 | D:6      | Reached skill level 6 in Axes
  4719 | D:6      | Identified the +2 leather armour "Zuugrik" {rC+++} (You
                  | found it on level 4 of the Dungeon)
  4884 | D:6      | Gained mutation: You are immune to rotting. [demonic
                  | ancestry]
  4884 | D:6      | Reached XP level 8. HP: 54/61 MP: 8/8
  5050 | D:6      | Found a staircase to the Ecumenical Temple.
  5170 | Temple   | Entered the Ecumenical Temple
  5371 | Temple   | Became a worshipper of Warmaster Okawaru
  5456 | D:7      | Reached skill level 7 in Axes
  5520 | D:7      | Found a deep blue altar of Sif Muna.
  5628 | D:7      | Noticed a troll
  5645 | D:7      | Killed a troll
  5645 | D:7      | Reached skill level 5 in Fighting
  6222 | D:7      | Found a shadowy altar of Dithmenos.
  6357 | D:7      | Reached skill level 8 in Axes
  6359 | D:7      | Reached * piety under Okawaru
  6451 | D:7      | Gained mutation: You are mostly covered in yellow scales.
                  | (AC +3) [demonic ancestry]
  6451 | D:7      | Reached XP level 9. HP: 68/68 MP: 9/9
  6460 | D:7      | Reached skill level 5 in Armour
  7723 | D:9      | Found Daub's Magic Scroll Emporium.
  7739 | D:9      | Reached skill level 5 in Shields
  7890 | D:9      | Found a glowing golden altar of the Shining One.
  8024 | D:9      | Got a faintly humming scale mail
  8037 | D:9      | Identified the +4 scale mail "Lankujye" {MR+ Dex-2 Stlth+}
                  | (You found it on level 9 of the Dungeon)
  8061 | D:9      | Reached ** piety under Okawaru
  8076 | D:9      | Got a shimmering rapier
  8077 | D:9      | Identified the +2 rapier "Ahonie" {elec, rElec Str+5 Int-4}
                  | (You found it on level 9 of the Dungeon)
  8305 | D:9      | Reached skill level 9 in Axes
  8430 | D:10     | Entered Level 10 of the Dungeon
  8561 | D:10     | Got a warped leather armour
  8572 | D:10     | Identified the +3 leather armour "Irenuonuon" {Int+7} (You
                  | found it on level 10 of the Dungeon)
  8638 | D:10     | Reached XP level 10. HP: 29/77 MP: 10/10
  8643 | D:10     | Reached *** piety under Okawaru
  9151 | D:10     | Reached skill level 10 in Axes
  9536 | D:10     | HP: 3/77 [queen bee (10)]
  9538 | D:10     | HP: 1/77 [poisoned by a queen bee]
  9539 | D:10     | Mangled by a queen bee

Levels and vault maps discovered:
D:1:      ldierk_water_garden, layout_loops_cross, minmay_misc_feat_nine_boxes,
          minmay_shallow_snake_nest
D:2:      wad_woods_tower, layout_basic, first_ration
D:3:      layout_basic, grunt_temple_overflow_open
D:4:      layout_loops_ring, minitemple, serial_shops, shop,
          hellmonk_ghost_happy_afterlife, uniq_blork_the_orc, uniq_robin
D:5:      layout_loops_ring, tso_metal_star
D:6:      layout_cave_pools, overflow_temple_1_default, lemuel_temple_firewalk_b
D:7:      layout_layer_cave, lemuel_coloured_pillars_altar,
          grunt_dithmenos_shadows
D:8:      layout_basic
D:9:      layout_loops_ring, nicolae_overflow_crystal_walls, serial_shops,
          kennysheep_mini_moat
D:10:     layout_basic, lair_entry_dummy, orc_0_dummy, special_room
          [special_room_bee], grunt_livestock
Temple:   minmay_temple_curvy_branch

Skill      XL: |  1  2  3  4  5  6  7  8  9 10 |
---------------+-------------------------------+-----
Armour         | 3 4 6 |  6.3
Axes           | 2 3 4 6 8 9 10 | 10.1
Shields        | 3 4 5 6 |  6.0
Fighting       | 4 5 6 |  6.8
Dodging        | 1 2 |  2.0
Stealth        | |  0.6

Action                   |  1- 3 |  4- 6 |  7- 9 | 10-12 || total
-------------------------+-------+-------+-------+-------++-------
Melee: War axe           |   145 |    81 |       |       ||   226
       Hand axe          |       |   118 |   398 |   148 ||   664
Invok: Heroism           |       |       |       |     2 ||     2
  Use: Scroll            |       |       |     9 |     1 ||    10
       Potion            |       |       |       |     1 ||     1
  Eat: Chunk             |     2 |     8 |    13 |     3 ||    26
       Ration            |       |       |     1 |       ||     1
Armor: Scale mail        |    62 |    36 |       |       ||    98
       Chain mail        |       |    55 |   193 |    75 ||   323
Dodge: Dodged            |    46 |    63 |    99 |    65 ||   273
Block: Shield            |    34 |       |       |       ||    34
       Buckler           |    19 |    78 |   125 |    59 ||   281

Table legend:
 A = Non-vault XP
 B = Vault XP
 C = Vault XP percentage of total XP
 D = Non-vault monster count
 E = Vault monster count
 F = Vault count percentage of total count
                 A         B        C        D         E       F
            +---------+---------+-------+---------+---------+-------
      Total |    6114 |    1394 |  18.6 |     195 |      41 |  17.4
            +---------+---------+-------+---------+---------+-------
        D:1 |      41 |       2 |   4.7 |      21 |       1 |   4.5
        D:2 |      76 |      36 |  32.1 |      22 |       6 |  21.4
        D:3 |      73 |       0 |   0.0 |      20 |       0 |   0.0
        D:4 |      72 |     121 |  62.7 |      12 |      13 |  52.0
        D:5 |     532 |       0 |   0.0 |      30 |       0 |   0.0
        D:6 |     786 |       0 |   0.0 |      21 |       0 |   0.0
        D:7 |    1325 |      12 |   0.9 |      23 |       1 |   4.2
        D:8 |     497 |       0 |   0.0 |       9 |       0 |   0.0
        D:9 |     956 |       0 |   0.0 |      24 |       0 |   0.0
       D:10 |    1756 |    1223 |  41.1 |      13 |      20 |  60.6
            +---------+---------+-------+---------+---------+-------
